 Dungeon Crawl Stone Soup version 0.24.1-1-gd1d2a07e1b (webtiles) character file.

Game seed: 13236131986616618509, levelgen mode: deterministic

5852 MajorAdolf the Covert (level 10, -1/92 HPs)
             Began as a Naga Wanderer on Apr 11, 2020.
             Was an Initiate of Gozag.
             Slain by a yak (12 damage)
             ... on level 8 of the Dungeon.
             The game lasted 00:26:25 (11952 turns).

MajorAdolf the Covert (Naga Wanderer)              Turns: 11952, Time: 00:26:26

Health: -1/92      AC: 13    Str: 16    XL:     10   Next: 81%
Magic:  14/14      EV:  9    Int: 17    God:    Gozag
Gold:   673        SH:  0    Dex:  8    Spells: 9/9 levels left

rFire    . . .     SeeInvis +   l - +2 dagger (venom)
rCold    . . .     Gourm    .   (no shield)
rNeg     . . .     Faith    .   d - +0 scale mail (curse)
rPois    +         Spirit   .   j - +1 helmet
rElec    .         Reflect  .   E - +2 cloak {+Inv}
rCorr    .         Harm     .   (no gloves)
MR       +....                  (no barding)
Stlth    ++........             y - amulet of rage
HPRegen  0.25/turn              D - ring of see invisible
MPRegen  0.14/turn              (no ring)

@: very slow
A: large, see invisible, deformed body, poison resistance, slowness 2, slow
metabolism 1, spit poison 1, AC +3
a: Spit Poison, Potion Petition, Call Merchant, Bribe Branch, Renounce Religion,
Evoke Berserk Rage, Evoke Invisibility


You were on level 8 of the Dungeon.
You worshipped Gozag.
Gozag was pleased with you.
You were not hungry.

You visited 2 branches of the dungeon, and saw 9 of its levels.
You also visited: Bailey.

You collected 1558 gold pieces.
You spent 308 gold pieces at shops.
You paid 577 gold pieces to Gozag.

Inventory:

Hand Weapons
 l - a +2 dagger of venom (weapon)
 A - a +0 war axe
 C - a +2 hand axe of chopping
Missiles
 o - 44 bolts
Armour
 d - a cursed +0 scale mail (worn)
 j - a +1 helmet (worn)
 k - a +0 chain mail
 E - a +2 cloak of invisibility (worn)
Jewellery
 q - an uncursed ring of fire
 y - an amulet of rage (around neck)
 D - a ring of see invisible (left hand)
Wands
 a - a wand of digging (4)
 b - a wand of paralysis (2)
 e - a wand of clouds (2)
 g - a wand of random effects (1)
 i - a wand of iceblast (7)
 t - a wand of acid (6)
Scrolls
 c - 2 scrolls of enchant armour
 h - 4 scrolls of remove curse
 m - a scroll of fear
 u - a scroll of immolation
 x - a scroll of enchant weapon
Potions
 n - a potion of resistance
 p - a potion of brilliance
 r - 2 potions of heal wounds
 v - a potion of haste
 w - a potion of agility {unknown}
 z - a potion of magic
Miscellaneous
 s - a phantom mirror
Comestibles
 f - 18 rations


   Skills:
 + Level 6.9 Fighting
 * Level 7.9 Axes
   Level 1.0 Crossbows
 + Level 6.4 Armour
 + Level 4.9 Dodging
 + Level 8.9 Stealth
 + Level 6.1 Evocations


You had 9 spell levels left.
You didn't know any spells.
Your spell library contained the following spells:

 Spells                   Type           Power        Failure   Level  Hunger
 Magic Dart               Conj           #...         58%         1    ##.....
 Blink                    Tloc           N/A          75%         2    ###....
 Call Imp                 Summ           #.......     75%         2    ###....
 Slow                     Hex            #.......     75%         2    ###....
 Conjure Flame            Conj/Fire      #.......     92%         3    ####...
 Mephitic Cloud           Conj/Pois/Air  #.......     92%         3    ####...


Dungeon Overview and Level Annotations

Branches:
Dungeon (8/15)             Temple (1/1) D:4            Lair (0/6) D:8
 Bailey (visited)

Altars:
Ashenzari
Cheibriados
Dithmenos
Elyvilon
Fedhas
Gozag
Kikubaaqudgha
Makhleb
Nemelex Xobeh
Okawaru
Qazlal
Ru
Sif Muna
Trog
Uskayaw
Vehumet
Wu Jian
Yredelemnul
The Shining One

Shops:
D:8 }


Innate Abilities, Weirdness & Mutations

You cannot wear boots.
Your serpentine skin is tough. (AC +3)
You have supernaturally acute eyesight. (SInv)
Armour fits poorly on your strangely shaped body.
Your system is resistant to poisons. (rPois)
You cover ground very slowly.
You have a slow metabolism.
You can spit poison.


Message History

* * * LOW HITPOINT WARNING * * *
You hit the yak.
The yak looks as sick as possible!
The yak is heavily wounded.
The yak barely misses you.
You hit the yak but do no damage.
The yak looks as sick as possible!
The yak is heavily wounded.
The yak barely misses you.
You barely miss the yak.
The yak is heavily wounded.
The yak gores you.
* * * LOW HITPOINT WARNING * * *
Okay, then.
You barely miss the yak.
The yak is severely wounded.
The yak gores you but does no damage.
You hit the yak.
The yak looks as sick as possible!
The yak is severely wounded.
The yak gores you!
You die...
Your body crumbles into a pile of gold.

##### #...#
#.#.# #.#@#
#.#Y# #.#.# ...
#.#)#$# ..P.P.
#.#[#$#
.P.....##.#.#.#
.....P.P#.#<#$#
.♣.....♣.#.###.#
Y>♣......#.#...#


You could see a yak.

Vanquished Creatures
  Pikel (D:8)
  2 orc knights (Bailey)
  Maurice (D:8)
  A hippogriff (D:7)
  A spriggan (D:7)
  4 yaks
  3 basilisks (D:8)
  A water moccasin (D:5)
  2 porcupines (D:8)
  2 slaves (D:8)
  3 sky beasts
  An ice beast (D:6)
  4 orc warriors
  A phantom (D:6)
  2 centaurs
  A bullfrog (D:7)
  5 scorpions
  A wight (D:7)
  6 killer bees (D:7)
  2 howler monkeys (D:5)
  3 crimson imps
  A bullfrog zombie (D:6)
  A jelly (D:6)
  Crazy Yiuf (D:3)
  2 orc priests
  4 orc wizards
  A gnoll shaman (D:5)
  2 iguanas (D:8)
  Ijyb (D:3)
  4 worker ants
  11 gnolls
  7 adders
  An ooze (D:1)
  2 adder skeletons
  2 worms (D:2)
  2 dart slugs (D:1)
  4 leopard geckos
  26 orcs
  4 ball pythons
  11 giant cockroaches
  17 hobgoblins
  A jackal (D:7)
  24 kobolds
  6 quokkas
  11 bats
  5 frilled lizards
  A giant cockroach zombie (D:4)
  10 goblins
  A leopard gecko zombie (D:8)
  A quokka skeleton (D:6)
  10 rats
221 creatures vanquished.

Vanquished Creatures (others)
  2 slaves (D:7)
  An orc wizard (D:7)
  An adder (D:7)
  A shadow imp (D:7)
  An adder skeleton (D:7)
  2 leopard geckos (D:7)
  A jackal (D:7)
  A quokka (D:7)
  4 fungi (D:8)
  11 plants (D:8)
25 creatures vanquished.

Grand Total: 246 creatures vanquished

Notes
Turn   | Place    | Note
-------+----------+-------------------------------------------
     0 | D:1      | MajorAdolf the Naga Wanderer began the quest for the Orb.
     0 | D:1      | MajorAdolf set off with the following items: a +0 hand
                  | crossbow, a wand of paralysis (15), 24 bolts, a +0 ring
                  | mail, a ration
     0 | D:1      | Reached XP level 1. HP: 21/21 MP: 2/2
    75 | D:1      | Reached XP level 2. HP: 28/28 MP: 3/3
   225 | D:1      | Reached XP level 3. HP: 29/34 MP: 4/4
   750 | D:1      | Reached XP level 4. HP: 38/42 MP: 5/5
  1427 | D:2      | You fall into a shaft and drop 1 floor!
  1524 | D:3      | Found an ornate altar of the Wu Jian Council.
  1579 | D:2      | Found a snail-covered altar of Cheibriados.
  1620 | D:2      | Reached skill level 1 in Stealth
  1667 | D:2      | Reached skill level 1 in Dodging
  1926 | D:2      | Found a shimmering blue altar of Sif Muna.
  2069 | D:2      | Found a sacrificial altar of Ru.
  2141 | D:2      | Reached XP level 5. HP: 47/49 MP: 6/6
  2325 | D:2      | Found a white marble altar of Elyvilon.
  2749 | D:3      | Found a runed translucent door.
  2750 | D:3      | Noticed Crazy Yiuf
  2792 | D:3      | Killed Crazy Yiuf
  3028 | D:3      | Reached skill level 1 in Axes
  3116 | D:3      | Noticed Ijyb
  3140 | D:3      | Reached skill level 2 in Stealth
  3163 | D:3      | Killed Ijyb
  3243 | D:3      | Reached XP level 6. HP: 42/57 MP: 7/7
  4149 | D:3      | Found a hide-covered altar of Uskayaw.
  4266 | D:3      | Found a basalt altar of Yredelemnul.
  4610 | D:4      | Reached skill level 3 in Stealth
  4917 | D:4      | Found a staircase to the Ecumenical Temple.
  5024 | Temple   | Entered the Ecumenical Temple
  5096 | D:5      | Entered Level 5 of the Dungeon
  5166 | D:5      | Noticed a sky beast
  5182 | D:5      | Killed a sky beast
  5182 | D:5      | Reached XP level 7. HP: 64/64 MP: 9/9
  5356 | D:5      | Reached skill level 4 in Stealth
  5908 | D:5      | Reached XP level 8. HP: 57/73 MP: 10/10
  6492 | D:6      | Reached skill level 5 in Armour
  6698 | Temple   | Became a worshipper of Gozag Ym Sagoz the Greedy
  7037 | D:6      | Reached skill level 5 in Fighting
  7037 | D:6      | Reached skill level 5 in Stealth
  7787 | D:6      | Identified a scroll of acquirement
  7788 | D:6      | Got a faintly glowing arbalest
  7789 | D:6      | Identified the +2 arbalest "Hiadulen" {penet, rC+ Stlth+}
                  | (You acquired it on level 6 of the Dungeon)
  8495 | D:7      | Noticed Pikel
  8722 | D:8      | Killed Pikel
  8722 | D:8      | Reached skill level 5 in Axes
  8722 | D:8      | Reached skill level 6 in Stealth
  8722 | D:8      | Reached XP level 9. HP: 53/81 MP: 12/12
  8879 | D:7      | Found an ancient bone altar of Kikubaaqudgha.
  8882 | D:7      | Found a flagged portal.
  8890 | Bailey   | Entered a bailey
  9018 | Bailey   | Noticed an orc knight
  9020 | Bailey   | Noticed an orc knight
  9027 | Bailey   | Killed an orc knight
  9027 | Bailey   | Reached skill level 7 in Stealth
  9027 | Bailey   | Reached skill level 5 in Evocations
  9034 | Bailey   | Killed an orc knight
  9107 | Bailey   | Reached XP level 10. HP: 77/91 MP: 14/14
  9712 | D:7      | Found a glowing golden altar of the Shining One.
 10159 | D:7      | Reached skill level 8 in Stealth
 10607 | D:7      | Noticed an eight-headed hydra
 10659 | D:8      | Noticed Maurice
 11211 | D:8      | Killed Maurice
 11881 | D:8      | Bought a wand of acid (7) for 308 gold pieces
 11889 | D:8      | Found a staircase to the Lair.
 11952 | D:8      | Slain by a yak

Levels and vault maps discovered:
D:1:      nagdon_arrival_double_spiral, layout_basic, minmay_heptomino_l4
D:2:      layout_loops_ring, old_standard_altar, nicolae_overflow_crystal_walls,
          led_sif_pool, elyvilon_altar_3, roderic_serpentine_path
D:3:      layout_loops_ring, old_standard_altar, lemuel_doored_altar,
          old_standard_altar, uniq_ijyb, uniq_crazy_yiuf_cottage
D:4:      layout_basic, minmay_temple_entry_ruins, first_ration,
          kennysheep_generic_room_15
D:5:      layout_gridville
D:6:      layout_basic
D:7:      cheibrodos_barr_body, layout_basic, tso_metal_star,
          overflow_temple_1_default, enter_bailey_2, the_bakery, uniq_pikel
D:8:      layout_basic, overflow_temple_1_default, minmay_lair_entry_grove,
          minmay_misc_feat_secret_circle, eino_jars, uniq_maurice, uniq_erica
Temple:   eino_wide_crystal_templ

Skill      XL: |  1  2  3  4  5  6  7  8  9 10 |
---------------+-------------------------------+-----
Armour         | 4 5 6 |  6.4
Stealth        | 1 2 3 4 6 7 8 |  8.9
Dodging        | 1 2 3 4 |  4.9
Axes           | 1 2 3 5 6 7 |  7.9
Fighting       | 4 5 6 |  6.9
Evocations     | 3 4 5 6 |  6.1
Crossbows      | |  1.0

Action                   |  1- 3 |  4- 6 |  7- 9 | 10-12 || total
-------------------------+-------+-------+-------+-------++-------
Melee: Flail             |   111 |    79 |       |       ||   190
       Dagger            |       |   247 |   291 |   212 ||   750
       Hand axe          |       |       |    84 |    81 ||   165
 Fire: Hand crossbow     |     6 |       |       |       ||     6
Invok: Call Merchant     |       |       |       |     1 ||     1
 Abil: Spit Poison       |     2 |    14 |     6 |     5 ||    27
       Evoke Berserk Rag |       |       |     2 |       ||     2
       Evoke Invisibilit |       |       |       |     1 ||     1
Evoke: Wand              |     1 |       |    20 |    21 ||    42
  Use: Scroll            |       |     4 |    13 |     6 ||    23
       Potion            |       |     1 |       |     3 ||     4
 Stab: Paralysed         |       |       |    17 |     5 ||    22
       Sleeping          |       |       |       |     2 ||     2
  Eat: Chunk             |       |    11 |     7 |     1 ||    19
       Ration            |       |       |     2 |     2 ||     4
Armor: Ring mail         |    92 |   123 |       |       ||   215
       Chain mail        |       |    50 |       |       ||    50
       Scale mail        |       |    19 |   238 |   176 ||   433
Dodge: Dodged            |    70 |   142 |   144 |   156 ||   512
